Map: Post-Youth LE

Players

iceau

  • Race: Protoss Protoss
  • League: Master
  • Spawn Location: 7:00

Bearhug - Winner!

  • Race: Zerg Zerg
  • Spawn Location: 1:00

VOD

Have the link to the VOD?

Description

Time

  • Played on: Oct. 8, 2024, 2:26 a.m.
  • Length: 17:51
Show
View Real Time Build Order
Export as new Build Order

iceau Protoss 

Build Orders:  

Get SALT Encoding   

  12  0:01  Probe  
  13  0:13  Probe  
  14  0:19  Pylon  
  14  0:25  Probe  
  15  0:37  Probe (Chrono Boost)  
  16  0:43  Gateway  
  16  0:49  Probe (Chrono Boost)  
  17  0:53  Pylon  
  17  0:58  Assimilator  
  17  1:08  Probe (Chrono Boost)  
  17  1:20  Probe (Chrono Boost)  
  18  1:27  Probe (Chrono Boost)  
  18  1:31  Cybernetics Core  
  19  1:34  Probe  
  20  1:46  Probe  
  21  1:56  Nexus  
  21  2:06  Adept (Chrono Boost)  
  21  2:11  Probe  
  24  2:15  Assimilator  
  24  2:19  Pylon  
  24  2:23  Warp Gate  
  24  2:29  Adept  
  26  2:47  Probe  
  27  2:59  Probe, Stalker (Chrono Boost)  
  27  3:03  Stargate  
  30  3:09  Probe  
  30  3:11  Probe  
  32  3:20  Shield Battery  
  32  3:21  Probe  
  32  3:23  Probe  
  34  3:29  Adept  
  34  3:33  Probe  
  37  3:49  Probe x2  
  39  4:01  Probe x2  
  37  4:04  Oracle (Chrono Boost)  
  40  4:12  Pylon  
  40  4:13  Probe x2, Adept  
  44  4:21  Pylon  
  44  4:25  Probe x2 (Chrono Boost)  
  44  4:27  Forge  
  44  4:29  Pylon  
  46  4:33  Gateway  
  46  4:34  Gateway  
  46  4:38  Probe (Chrono Boost)  
  47  4:39  Oracle  
  47  4:42  Probe (Chrono Boost)  
  47  4:44  Probe (Chrono Boost), Assimilator  
  52  4:47  Probe (Chrono Boost)  
  52  4:51  Probe  
  53  4:58  Probe  
  55  5:00  Nexus  
  55  5:02  Pylon  
  55  5:27  Probe x2  
  57  5:31  Assimilator  
  57  5:39  Probe (Chrono Boost)  
  57  5:41  Void Ray (Chrono Boost)  
  63  5:43  Probe (Chrono Boost)  
  63  5:46  Pylon  
  64  5:50  Probe (Chrono Boost)  
  64  5:54  Probe (Chrono Boost)  
  64  5:55  Probe (Chrono Boost)  
  64  5:57  Adept x3  
  68  6:03  Probe  
  73  6:06  Probe  
  78  6:14  Protoss Ground Weapons Level 1, Void Ray (Chrono Boost)  
  78  6:15  Probe  
  78  6:18  Probe x2, Twilight Council  
  81  6:22  Shield Battery  
  81  6:24  Shield Battery  
  81  6:26  Photon Cannon  
  81  6:27  Probe, Photon Cannon  
  81  6:30  Probe x2  
  84  6:35  Shield Battery  
  84  6:36  Photon Cannon  
  85  6:40  Probe  
  85  6:42  Probe  
  85  6:44  Gateway  
  85  6:45  Gateway  
  86  6:47  Oracle (Chrono Boost)  
  86  6:48  Gateway  
  86  6:50  Charge (Chrono Boost)  
  86  6:51  Gateway  
  89  6:57  Photon Cannon  
  89  7:01  Assimilator  
  89  7:04  Assimilator  
  89  7:17  Oracle (Chrono Boost)  
  89  7:18  Probe x2  
  94  7:26  Photon Cannon  
  94  7:29  Probe  
  95  7:30  Probe, Shield Battery  
  95  7:31  Pylon  
  95  7:36  Pylon  
  96  7:38  Pylon  
  96  7:47  Oracle (Chrono Boost)  
  96  7:49  Gateway  
  89  8:10  Probe x3  
  92  8:13  Zealot x6  
  92  8:14  Resonating Glaives  
  104  8:22  Stargate  
  104  8:23  Protoss Ground Weapons Level 2 (Chrono Boost)  
  104  8:24  Stargate  
  104  8:26  Templar Archives, Pylon  
  104  8:29  Pylon  
  104  8:34  Zealot x6  
  116  8:48  Probe x2  
  115  8:56  Oracle (Chrono Boost)  
  115  9:00  Robotics Facility  
  118  9:03  Pylon  
  118  9:04  Zealot x3  
  118  9:05  Zealot x3  
  120  9:13  Oracle x2 (Chrono Boost)  
  98  9:24  Zealot x2  
  98  9:26  Oracle  
  98  9:29  Zealot x2  
  98  9:30  Zealot x4  
  88  9:46  Zealot x2  
  88  9:50  Zealot  
  88  9:51  Oracle x2 (Chrono Boost), Zealot x5  
  90  10:02  Oracle (Chrono Boost)  
  78  10:07  Zealot x2  
  78  10:12  Zealot  
  78  10:13  Zealot x4  
  81  10:24  Oracle (Chrono Boost)  
  81  10:26  Shield Battery  
  76  10:30  High Templar x2  
  79  10:35  Archon  
  79  10:42  Zealot  
  77  10:43  Zealot x4  
  83  10:56  Immortal (Chrono Boost)  
  84  11:08  High Templar x4  
  92  11:13  Archon x2  
  77  11:25  Zealot  
  77  11:26  Zealot x3  
  82  11:41  Immortal (Chrono Boost)  
  82  11:42  High Templar x2  
  82  11:45  High Templar  
  82  11:46  High Templar  
  94  11:47  Archon  
  90  12:08  Archon  
  90  12:10  Nexus  
  90  12:11  High Templar x2  
  90  12:15  Archon  
  94  12:17  Pylon  
  94  12:22  Zealot  
  96  12:23  Zealot  
  98  12:32  Probe x2  
  100  12:41  Sentry x3  
  106  12:44  Probe x2  
  108  12:52  Zealot  
  110  13:00  Pylon  
  110  13:05  Probe  
  90  13:41  Immortal (Chrono Boost), Nexus  
  88  13:44  High Templar x2  
  88  13:47  Nexus  
  96  13:48  Archon  
  96  13:55  Zealot  
  96  13:58  High Templar x2  
  96  14:02  Archon  
  102  14:06  Observer (Chrono Boost)  
  103  14:10  High Templar x2  
  103  14:12  Zealot  
  103  14:14  Archon  
  109  14:21  Probe  
  110  14:31  Pylon  
  110  14:39  Psionic Storm  
  110  14:43  Pylon  
  110  14:49  Probe  
  111  15:05  High Templar  
  111  15:06  High Templar  
  116  15:15  Probe (Chrono Boost)  
  116  15:23  High Templar x2  
  116  15:24  Zealot  
  116  15:25  Zealot  
  124  15:29  Zealot  
  124  15:32  Zealot  
  128  15:36  Probe  
  128  15:41  Shield Battery  
  129  15:43  Shield Battery  
  90  15:57  Zealot  
  90  15:58  Zealot x4  
  93  16:11  Zealot x3  
  93  16:20  Zealot, High Templar x3  
  93  16:21  Zealot  
  99  16:38  Archon x3  
  93  16:46  Zealot  
  65  16:47  Zealot x4  
  69  17:02  Void Ray (Chrono Boost)  
  69  17:03  Void Ray x2 (Chrono Boost)  
  58  17:20  Zealot x7  
  62  17:26  High Templar  
Show
View Real Time Build Order
Export as new Build Order

Bearhug Zerg - Winner!

Build Orders: Hatch First, Lurkers, Roach Hydra 

Get SALT Encoding   

  12  0:00  Drone  
  13  0:12  Overlord  
  13  0:19  Drone  
  14  0:50  Drone  
  14  0:51  Drone  
  14  0:53  Hatchery  
  14  0:57  Drone  
  16  1:08  Extractor, Drone  
  16  1:19  Spawning Pool  
  16  1:22  Drone  
  17  1:32  Drone  
  17  1:45  Drone x2  
  19  2:00  Drone  
  20  2:08  Zergling x2  
  20  2:09  Zergling x2  
  20  2:10  Queen x2  
  26  2:20  Overlord  
  26  2:21  Drone  
  27  2:33  Metabolic Boost  
  27  2:38  Drone x4  
  31  2:48  Overlord  
  31  2:52  Drone  
  32  2:59  Drone  
  32  3:04  Queen  
  35  3:12  Hatchery  
  34  3:17  Drone  
  34  3:18  Drone x2  
  37  3:22  Zergling x6  
  37  3:24  Zergling x2  
  39  3:53  Overlord x3  
  37  4:02  Overlord  
  36  4:11  Lair  
  36  4:14  Drone x3  
  36  4:15  Drone x3  
  36  4:16  Drone x2  
  44  4:21  Drone  
  45  4:32  Drone x2  
  45  4:33  Drone  
  48  4:41  Roach Warren, Drone x2  
  48  4:43  Evolution Chamber  
  48  4:45  Drone x4  
  52  4:46  Extractor  
  52  4:47  Drone  
  52  4:59  Drone x3  
  54  5:00  Drone x2  
  53  5:23  Drone x8  
  61  5:38  Hydralisk Den  
  61  5:40  Extractor  
  61  5:41  Extractor, Drone x3  
  61  5:43  Drone x3  
  61  5:45  Glial Reconstitution  
  64  5:56  Zerg Missile Weapons Level 1  
  64  6:04  Drone x2  
  64  6:05  Drone  
  64  6:07  Drone x4  
  67  6:14  Muscular Augments  
  67  6:15  Roach x3  
  73  6:19  Overlord x3  
  73  6:23  Extractor, Drone  
  73  6:25  Extractor  
  73  6:27  Queen  
  74  6:33  Overlord x3  
  74  6:41  Drone x2  
  74  6:44  Drone  
  74  6:45  Drone  
  74  6:46  Drone x2  
  80  6:48  Hatchery  
  80  6:50  Roach  
  81  6:56  Roach x2  
  81  6:59  Hydralisk x2  
  81  7:00  Hydralisk  
  88  7:09  Drone x3  
  89  7:18  Grooved Spines  
  89  7:20  Hydralisk x8  
  105  7:26  Hydralisk x2  
  109  7:36  Hydralisk x4  
  115  7:40  Hydralisk  
  115  7:41  Hydralisk  
  121  7:49  Overlord x3  
  121  7:50  Overlord  
  121  8:05  Drone x5  
  120  8:12  Roach x11  
  139  8:21  Lurker Den  
  139  8:23  Drone x3  
  141  8:27  Zerg Missile Weapons Level 2  
  141  8:29  Overseer  
  141  8:40  Roach x3  
  141  8:41  Roach x6  
  147  9:08  Roach x10  
  160  9:10  Overlord x2  
  143  9:18  Hydralisk x5  
  147  9:28  Hydralisk  
  147  9:29  Hydralisk x3  
  119  9:52  Roach  
  117  9:53  Roach x7  
  125  10:00  Drone  
  125  10:01  Drone x3  
  125  10:03  Hydralisk  
  125  10:04  Hydralisk  
  129  10:11  Spore Crawler  
  112  10:24  Roach x6  
  124  10:30  Hydralisk x6  
  124  10:34  Spore Crawler  
  124  10:35  Drone x3  
  138  10:37  Drone  
  133  10:59  Roach  
  133  11:00  Roach x12  
  155  11:22  Roach  
  155  11:23  Roach x8  
  125  11:36  Hydralisk x8  
  135  11:50  Hydralisk  
  135  11:51  Hydralisk x4  
  121  12:01  Roach x2  
  121  12:02  Roach x8  
  121  12:03  Roach  
  121  12:07  Lurker x3  
  146  12:14  Lurker x2  
  148  12:18  Lurker  
  149  12:23  Drone x2  
  149  12:25  Extractor, Drone  
  149  12:26  Extractor, Drone x2  
  149  12:27  Drone x4  
  156  12:31  Drone  
  156  12:32  Drone  
  158  12:39  Hydralisk x3  
  164  12:44  Hatchery  
  163  12:54  Overlord x2  
  163  12:55  Overlord x2  
  155  13:18  Roach x7  
  155  13:19  Roach x10  
  136  13:29  Spire, Roach x3  
  141  13:34  Lurker x3  
  141  13:41  Zerg Ground Armor Level 1  
  135  13:45  Evolution Chamber  
  135  13:46  Infestation Pit, Drone x5  
  138  14:01  Drone  
  139  14:04  Drone  
  139  14:05  Hatchery, Drone x4  
  139  14:07  Roach  
  145  14:14  Hatchery  
  145  14:15  Hydralisk x3  
  150  14:27  Drone x2  
  150  14:28  Drone x4  
  150  14:30  Roach  
  156  14:37  Hydralisk x7  
  170  14:42  Ravager x3  
  170  14:43  Ravager  
  170  14:44  Ravager  
  170  14:45  Ravager  
  176  14:47  Hive  
  175  14:59  Roach  
  191  15:00  Roach x10  
  197  15:10  Overlord  
  197  15:28  Zerg Melee Weapons Level 1  
  140  16:08  Roach x19  
  140  16:09  Roach x20  
  193  16:25  Baneling Nest  
  193  16:26  Greater Spire  
  154  16:40  Roach x6  
  154  16:41  Roach x15  
  168  16:49  Hydralisk x8  
  170  17:07  Mutalisk x4  
  170  17:08  Mutalisk x7  
  190  17:19  Mutalisk x2  
  190  17:22  Mutalisk  
  192  17:26  Extractor  
  192  17:27  Extractor  
Tags
 
League
Master
Matchup
PvZ
Spawn Locations
Cross Positions
Add a new tag
Caveats
  • Supply blocks, unpowered buildings, or Contaminate may cause inaccurate times.
  • Supply counts are checked every 10 seconds.